 Dungeon Crawl Stone Soup version 0.29.1-13-g9f3cf754e1 (webtiles) character file.

Game seed: 16741521664883210482

79 bjubeck the Trooper (level 4, 0/41 HPs)
             Began as a Minotaur Fighter on Feb 1, 2023.
             Succumbed to a goblin's poison
             ... on level 3 of the Dungeon.
             The game lasted 00:02:59 (984 turns).

bjubeck the Trooper (Minotaur Fighter)               Turns: 984, Time: 00:02:59

Health: 0/41       AC:  7    Str: 23    XL:     4   Next: 16%
Magic:  3/3        EV:  9    Int:  5    God:
Gold:   55         SH:  4    Dex:  9    Spells: 3/3 levels left

rFire   . . .      SeeInvis .   a - +0 war axe (flame)
rCold   . . .      Faith    .   c - +0 buckler
rNeg    . . .      Spirit   .   b - +0 scale mail
rPois   .          Reflect  .   (helmet restricted)
rElec   .          Harm     .   (no cloak)
rCorr   .          Rampage  .   (no gloves)
Will    .....                   (no boots)
Stlth   ..........              (no amulet)
HPRegen 0.13/turn               (no ring)
MPRegen 0.08/turn               (no ring)

@: lethally poisoned (0 -> -4), flying
A: horns 2, retaliatory headbutt
a: no special abilities


You were on level 3 of the Dungeon.
You visited 1 branch of the dungeon, and saw 3 of its levels.

You collected 55 gold pieces.

Inventory:

Hand Weapons
 a - a +0 war axe of flaming (weapon)
 n - a +0 club
Armour
 b - a +0 scale mail (worn)
 c - a +0 buckler (worn)
Jewellery
 j - a ring of see invisible
 l - a +6 ring of intelligence
Scrolls
 e - a scroll of teleportation
 g - a scroll of noise
 i - a scroll of poison
 o - 3 scrolls of vulnerability {unknown}
Potions
 d - 2 potions of might


   Skills:
 + Level 4.4 Fighting
 + Level 3.4 Axes
 + Level 4.3 Armour
 + Level 4.3 Shields


You had 3 spell levels left.
You didn't know any spells.
Your spell library was empty.

Dungeon Overview and Level Annotations

Branches:
Dungeon (2/15)

Altars:


Innate Abilities, Weirdness & Mutations

You have a pair of horns on your head.
You reflexively headbutt those who attack you in melee.


Message History

You feel extremely sick. The goblin completely misses you.
You furiously retaliate!
You headbutt the goblin!
You kill the goblin!
There is a lethal amount of poison in your body!
There is a lethal amount of poison in your body!
It was a potion of mutation.
You feel extremely strange.
You feel agile.
You feel clumsy.
You feel very sick.
It was a potion of flight.
You feel very buoyant.
You fly up into the air.
* * * LOW HITPOINT WARNING * * *
You feel very sick.
As you read the scroll labelled SOPNAUBUBB, it crumbles to dust.
It is a scroll of brand weapon.
Your +0 war axe is engulfed in flames!
a - a +0 war axe of flaming (weapon)
* * * LOW HITPOINT WARNING * * *
You feel very sick.
As you read the scroll labelled BAUCLI OFOCS, it crumbles to dust.
You assume a fearsome visage.
Nothing appears to happen.
It was a scroll of fear.
* * * LOW HITPOINT WARNING * * *
You feel sick.
As you read the scroll labelled ZOHATR JOPES, it crumbles to dust.
You feel strangely unstable.
It was a scroll of teleportation.
* * * LOW HITPOINT WARNING * * *
You feel sick.
As you read the scroll labelled JAUGGI UNKIHIV, it crumbles to dust.
You hear a loud clanging noise!
It was a scroll of noise.
* * * LOW HITPOINT WARNING * * *
You feel sick.
You hear an angry hiss.
You hear a shout!
The air fills with toxic fumes!
As you read the scroll labelled KYTTIN VOSH, it crumbles to dust.
It was a scroll of poison.
Your surroundings suddenly seem different.
You die...

######.##.######
#§#§.......§§....#.#
.§§§§§####§#####.#.#
.§§§§§§§.§§§§§§§...
###§######§§§§§§.#
#.§§§§§.#
#..§§§§###.
#...§§§....
#.#@###.# #.#......#
.#####+##


There were no monsters in sight!

Vanquished Creatures
  An orc priest (D:3)
  Robin (D:2)
  A worm (D:2)
  3 orcs (D:3)
  2 endoplasms (D:2)
  9 goblins
  4 hobgoblins
  A jackal (D:3)
  2 quokkas
  3 ball pythons
  2 frilled lizards
29 creatures vanquished.

Notes
Turn   | Place    | Note
-------+----------+-------------------------------------------
     0 | D:1      | bjubeck the Minotaur Fighter began the quest for the Orb.
     0 | D:1      | Reached XP level 1. HP: 19/19 MP: 0/0
    99 | D:1      | Found a faded altar of an unknown god.
   734 | D:2      | Reached XP level 2. HP: 27/27 MP: 1/1
   754 | D:2      | Noticed Robin
   764 | D:2      | Killed Robin
   765 | D:2      | Reached XP level 3. HP: 24/33 MP: 2/2
   892 | D:2      | You fall into a shaft and drop 1 floor!
   898 | D:3      | Reached XP level 4. HP: 36/41 MP: 3/3
   978 | D:3      | Gained mutation: You are agile. (Dex +4, Str/Int -1)
                  | [potion of mutation]
   978 | D:3      | Lost mutation: You are agile. (Dex +4, Str/Int -1) [potion
                  | of mutation]
   983 | D:3      | HP: 1/41 [poisoned by a goblin]
   984 | D:3      | Succumbed to a goblin's poison

Illustrated notes

Levels and vault maps discovered:
D:1:      heliophobic_arrival_ceremonial_halls, layout_basic,
          shapermc_ecumenical_altar_mp_highgroup
D:2:      layout_basic, small_statue_intersection, kennysheep_crisscross,
          uniq_crazy_yiuf_cottage, uniq_jessica, uniq_terence, uniq_robin
D:3:      layout_basic, amcnicky_altar_gilded,
          mainiacjoe_overflow_catwalk_spiral, nicolae_overflow_ecumenical_swirl,
          nzn_wu_jian_contemplation, lemuel_round_altar,
          grunt_temple_overflow_diamond

Skill      XL: |  1  2 |
---------------+-------+-----
Shields        | 4 |  4.3
Fighting       | 4 |  4.4
Armour         | 4 |  4.3
Axes           | 3 |  3.4

Action                   |  1- 3 |  4- 6 || total
-------------------------+-------+-------++-------
Melee: War axe           |    31 |    10 ||    41
       Headbutt          |     2 |     1 ||     3
  Use: Scroll            |       |     5 ||     5
       Potion            |       |     2 ||     2
Armor: Scale mail        |    16 |     3 ||    19
Dodge: Dodged            |    17 |     4 ||    21
Block: Buckler           |     5 |       ||     5
